 Dungeon Crawl Stone Soup version 0.20-a0-256-gabb291d (webtiles) character file.

202 roflturtle the Gusty (level 5, -1/28 HPs)
             Began as a Tengu Air Elementalist on Dec 1, 2016.
             Slain by a gnoll
             ... wielding a +0 whip
              (2 damage)
             ... on level 4 of the Dungeon on Dec 2, 2016.
             The game lasted 00:11:18 (2833 turns).

roflturtle the Gusty (Tengu Air Elementalist)       Turns: 2833, Time: 00:11:18

Health: -1/28      AC:  5    Str:  9    XL:     5   Next: 80%
Magic:  7/9        EV: 12    Int: 16    God:
Gold:   155        SH:  0    Dex: 14    Spells: 3/8 levels left

rFire  . . .     SeeInvis .     t - -2 dagger (curse)
rCold  . . .     Gourm    .     a - +0 robe
rNeg   . . .     Faith    .     (no shield)
rPois  .         Spirit   .     (helmet restricted)
rElec  .         Reflect  .     (no cloak)
rCorr  .         Harm     .     f - +2 pair of gloves
MR     .....                    (boots unavailable)
Stlth  ++........               (no amulet)
                                (no ring)
                                (no ring)

@: no status effects
A: beak, talons 3, able to fly 1
a: Fly


You were on level 4 of the Dungeon.
You were not hungry.

You visited 1 branch of the dungeon, and saw 4 of its levels.

You collected 155 gold pieces.

Inventory:

Hand Weapons
 t - a cursed -2 dagger (weapon)
 z - a +2 short sword of freezing
Armour
 a - a +0 robe (worn)
 f - a +2 pair of gloves (worn)
Jewellery
 n - an uncursed ring of ice {unknown}
Scrolls
 g - 2 scrolls of blinking {unknown}
 h - a scroll of magic mapping {unknown}
 i - 3 scrolls of identify {unknown}
 k - 3 scrolls of remove curse {unknown}
 l - a scroll of random uselessness {unknown}
 p - 2 scrolls of amnesia {unknown}
 q - a scroll of noise {unknown}
 r - a scroll of immolation {unknown}
 s - 2 scrolls of fog {unknown}
 y - a scroll of enchant weapon {unknown}
Potions
 d - a potion of degeneration {unknown}
 e - a potion of lignification {unknown}
 j - a potion of might {unknown}
 o - 2 potions of curing {unknown}
 w - a potion of flight {unknown}
Books
 b - a book of Air

   Spells                             Type                      Level
   a - Shock                          Conjuration/Air              1
   b - Swiftness                      Charms/Air                   2
   c - Repel Missiles                 Charms/Air                   2
   d - Static Discharge               Conjuration/Air              3
   e - Lightning Bolt                 Conjuration/Air              5
Comestibles
 c - a bread ration
 m - 2 beef jerkies
 v - a meat ration
 x - a slice of pizza


   Skills:
 - Level 2.1 Dodging
 - Level 2.0 Stealth
 - Level 2.0 Spellcasting
 - Level 4.0 Conjurations
 + Level 7.3 Air Magic


You had 3 spell levels left.
You knew the following spells:

 Your Spells              Type           Power        Failure   Level  Hunger
a - Shock                 Conj/Air       ###.         1%          1    #......
b - Swiftness             Chrm/Air       ##......     10%         2    ###....
c - Repel Missiles        Chrm/Air       ##....       10%         2    ###....


Dungeon Overview and Level Annotations

Branches:
Dungeon (4/15)
 Temple: D:4-7

Altars:
Trog


Innate Abilities, Weirdness & Mutations

You have a beak for a mouth.
You have claws for feet.
You can fly.


Message History

The ball python bites you but does no damage.
The ball python misses you. The gnoll hits you with a whip.
The gnoll barely misses you. The ball python bites you.
The ball python grabs you. The ball python constricts you.
The gnoll hits you with a whip.
You escape the ball python's grasp.
The gnoll hits you but does no damage. The gnoll hits you with a whip.
There is a stone staircase leading up here.
The ball python closely misses you. The ball python misses you.
The gnoll barely misses you. The gnoll closely misses you.
The ball python barely misses you. The ball python grabs you.
You stop ascending the stairs.
The ball python constricts you.
Unknown command.
The ball python's grasp on you weakens, but your attempt to escape fails.
The gnoll hits you with a whip!
* * * LOW HITPOINT WARNING * * *
The ball python barely misses you. The ball python constricts you.
You escape the ball python's grasp.
The gnoll hits you with a whip.
You die...

###.# ######...
........# #.......# #
####..)....###.#
.....###.##....#
#####........###########
.....g.....go..g.......#
....##..####.g.S@......#
###.##..†[.....O.......#
#O###.######..........
#g##..### #..........
#...o...## ##########.
##.g......#
##..........#
#.......(....#
#.........>..#


You could see an orc warrior, an ogre, a gnoll shaman, 2 gnolls and a ball
python.

Vanquished Creatures
  A scorpion (D:4)
  An orc wizard (D:3)
  A gnoll (D:4)
  3 adders
  An ooze (D:3)
  3 worms (D:3)
  A dart slug (D:3)
  2 leopard geckos
  8 orcs (D:3)
  3 giant cockroaches
  6 goblins
  9 hobgoblins
  2 jackals (D:3)
  A quokka (D:3)
  2 ball pythons (D:1)
  4 bats
  6 frilled lizards
  10 kobolds
  2 rats
66 creatures vanquished.

Notes
Turn   | Place    | Note
-------+----------+-------------------------------------------
     0 | D:1      | roflturtle the Tengu Air Elementalist began the quest for the Orb.
     0 | D:1      | Reached XP level 1. HP: 10/10 MP: 4/4
   343 | D:1      | Reached XP level 2. HP: 12/15 MP: 1/6
   347 | D:1      | Learned a level 2 spell: Swiftness
   350 | D:1      | Learned a level 2 spell: Repel Missiles
  1266 | D:2      | Reached XP level 3. HP: 19/19 MP: 4/7
  2044 | D:3      | Reached XP level 4. HP: 24/24 MP: 3/8
  2104 | D:3      | Reached skill level 5 in Air Magic
  2388 | D:3      | Reached skill level 6 in Air Magic
  2388 | D:3      | Gained mutation: You can fly. [Tengu growth]
  2388 | D:3      | Reached XP level 5. HP: 20/28 MP: 1/9
  2510 | D:3      | Found a bloodstained altar of Trog.
  2675 | D:4      | Reached skill level 7 in Air Magic
  2805 | D:4      | Noticed an ogre
  2810 | D:4      | Noticed an orc warrior
  2832 | D:4      | HP: 1/28 [gnoll/whip (10)]
  2833 | D:4      | Slain by a gnoll

Vault maps used:
D:1:      erik_arrival_cave_to_civilisation
D:3:      hex_medium, trog_hazing_becter
D:4:      minmay_misc_feat_room

Skill      XL: |  1  2  3  4  5 |
---------------+----------------+-----
Conjurations   | 2 3 4 |  4.0
Air Magic      | 6 7 |  7.3
Dodging        | |  2.1
Stealth        | |  2.0
Spellcasting   | |  2.0

Action                   |  1- 3 |  4- 6 || total
-------------------------+-------+-------++-------
Melee: Unarmed           |    11 |       ||    11
       Kick              |    11 |     6 ||    17
       Dagger            |    26 |    27 ||    53
       Peck              |     7 |     6 ||    13
 Cast: Shock             |    72 |    59 ||   131
  Eat: Chunk             |     5 |     3 ||     8
Armor: Robe              |    11 |    18 ||    29
Dodge: Dodged            |    33 |    39 ||    72
